 Dungeon Crawl Stone Soup version 0.19.4 (webtiles) character file.

60 Naow the Conjurer (level 3, -3/19 HPs)
             Began as a Deep Elf Conjurer on Jan 30, 2017.
             Slain by a gnoll
             ... wielding a +0 spear
              (5 damage)
             ... on level 2 of the Dungeon.
             The game lasted 00:01:59 (1860 turns).

Naow the Conjurer (Deep Elf Conjurer)               Turns: 1860, Time: 00:01:59

Health: -3/19      AC:  2    Str:  5    XL:     3   Next: 82%
Magic:  3/10       EV: 13    Int: 20    God:
Gold:   64         SH:  0    Dex: 15    Spells: 2 memorised, 7 levels left

rFire  . . .     SeeInvis .     (no weapon)
rCold  . . .     Gourm    .     a - +0 robe
rNeg   . . .     Faith    .     (no shield)
rPois  .         Spirit   .     (no helmet)
rElec  .         Reflect  .     (no cloak)
rCorr  .         Harm     .     (no gloves)
MR     .....                    (no boots)
Stlth  ++........               (no amulet)
                                (no ring)
                                (no ring)

@: no status effects
A: no striking features
a: no special abilities


You were on level 2 of the Dungeon.
You were not hungry.

You visited 1 branch of the dungeon, and saw 2 of its levels.

You collected 64 gold pieces.

Inventory:

Armour
 a - a +0 robe (worn)
Jewellery
 j - an uncursed ring of fire {unknown}
Scrolls
 e - 4 scrolls of identify {unknown}
 f - a scroll of remove curse {unknown}
 h - 3 scrolls of magic mapping {unknown}
Books
 b - a book of Conjurations

   Spells                             Type                      Level
   a - Magic Dart                     Conjuration                  1
   b - Searing Ray                    Conjuration                  2
   c - Dazzling Spray                 Conjuration/Hexes            3
   d - Fulminant Prism                Conjuration/Hexes            4
   e - Iskenderun's Mystic Blast      Conjuration                  4
   f - Iskenderun's Battlesphere      Conjuration/Charms           5
Comestibles
 c - a bread ration
 d - a chunk of flesh
 g - a slice of pizza


   Skills:
 - Level 2.4 Dodging
 - Level 2.4 Stealth
 + Level 4.0 Spellcasting
 * Level 5.5 Conjurations


You had 7 spell levels left.
You knew the following spells:

 Your Spells              Type           Power        Failure   Level  Hunger
a - Magic Dart            Conj           ####         1%          1    None
b - Searing Ray           Conj           ####..       1%          2    #......


Dungeon Overview and Level Annotations

Branches:
Dungeon (2/15)

Altars:
Uskayaw


Message History

The gnoll hits you with a spear.
* * * LOW HITPOINT WARNING * * *
The gnoll misses you.
The searing ray hits the gnoll.
The gnoll is almost dead.
The gnoll misses you. The gnoll hits you with a club.
* * * LOW HITPOINT WARNING * * *
The searing ray hits the gnoll.
You kill the gnoll!
You finish channeling your searing ray.
The gnoll closely misses you.
Casting: Searing Ray
Confirm with . or Enter, or press ? or * to list all spells.
Aiming: Searing Ray
Press: ? - help, Shift-Dir - straight line, f - gnoll
Aim: a gnoll, wielding a spear The searing ray hits the gnoll.
The gnoll is lightly wounded. (Press . to maintain the ray.)
The gnoll hits you with a spear.
You die...

#. #.# #.####### #. #.#
###.#######
###.#####.#####.........#
.)......)................
#........####..######.#
#.#....#.......#
#...<(..#####.#
##....).......#
###.#....@..#######
...)....g..#############
#######...## #.........#
##.## #.#######.#
..####.#####.## #.#
#.............# #.#
#......#####..# ##.##
#.###### #..#####...## #
#..##[...#..#


You could see a gnoll.

Vanquished Creatures
  2 gnolls (D:2)
  An adder (D:2)
  An ooze (D:1)
  2 leopard geckos (D:1)
  A giant cockroach (D:1)
  5 hobgoblins (D:1)
  4 bats
  2 frilled lizards
  5 goblins
  2 kobolds
  3 rats (D:1)
28 creatures vanquished.

Notes
Turn   | Place    | Note
-------+----------+-------------------------------------------
     0 | D:1      | Naow the Deep Elf Conjurer began the quest for the Orb.
     0 | D:1      | Reached XP level 1. HP: 10/10 MP: 6/6
   626 | D:1      | Reached XP level 2. HP: 15/15 MP: 6/8
   630 | D:1      | Learned a level 2 spell: Searing Ray
   897 | D:1      | Reached skill level 5 in Conjurations
  1401 | D:2      | Reached XP level 3. HP: 19/19 MP: 6/10
  1558 | D:2      | Noticed an enchanted dagger
  1558 | D:2      | Noticed a hand axe
  1559 | D:2      | Found a hide-covered altar of Uskayaw.
  1860 | D:2      | Slain by a gnoll

Skill      XL: |  1  2  3 |
---------------+----------+-----
Conjurations   | 5 |  5.5
Spellcasting   | 4 |  4.0
Dodging        | |  2.4
Stealth        | |  2.4

Action                   || total
-------------------------++-------
Melee: Unarmed           ||     5
 Cast: Magic Dart        ||    71
       Searing Ray       ||     2
  Use: Potion            ||     1
  Eat: Chunk             ||     3
Armor: Robe              ||     2
Dodge: Dodged            ||    21
